Match 37850227
Unlisted

Match 37850227
End
Kradschützen Motorcycle Team
Selects Italian Combined Arms Battlegroup
Selects Bersaglieri Squad
Bersaglieri Squad
Bersaglieri Squad
Bersaglieri Squad
Construct Light Support Kompanie
MG34 Team
Selects Bersaglieri Bolster
2.5-tonne Medical Truck
Assault Mechanized Group
Selects Breda Model 30 Light Machine Guns
Fire Support Elements
Construct Panzerarmee Kommand
Pak 38 Mechanized Group
Panzer III L Medium Tank
Selects Semovente da 75/18 Assault Gun
Selects Strafing Run
Selects Artillery Cover
Vehicle Survival Package
Panzer III L Medium Tank
Panzer III L Medium Tank
Panzerpioneer Squad
Panzer III L Medium Tank
(502) Bad Gateway
nelomalko
0
0

Comments sign in to comment!

No comments posted yet!